 Dungeon Crawl Stone Soup version 0.20.1-1-g8b1a95d (console) character file.

44 hilaritas the Bolt Thrower (level 3, -3/22 HPs)
             Began as a Kobold Hunter on Oct 29, 2017.
             Slain by Crazy Yiuf
             ... wielding a +3 quarterstaff of chaos
              (9 damage)
             ... on level 2 of the Dungeon.
             The game lasted 00:03:59 (1466 turns).

hilaritas the Bolt Thrower (Kobold Hunter)          Turns: 1466, Time: 00:03:59

Health: -3/22      AC:  0    Str: 10    XL:     3   Next: 85%
Magic:  3/3        EV: 20    Int: 12    God:
Gold:   155        SH:  0    Dex: 20    Spells: 2/2 levels left

rFire    . . .     SeeInvis .   (weapon currently unavailable)
rCold    . . .     Gourm    .   (shield currently unavailable)
rNeg     . . .     Faith    .   (armour currently unavailable)
rPois    .         Spirit   .   (helmet currently unavailable)
rElec    .         Reflect  .   (cloak currently unavailable)
rCorr    .         Harm     .   (gloves currently unavailable)
MR       .....                  (boots currently unavailable)
Stlth    ++........             (no amulet)
Regen    0.1/turn               (ring currently unavailable)
MPRegen  0.1/turn               (ring currently unavailable)

@: bat-form, flying, slowed, quick
A: carnivore 3
a: no special abilities


You were on level 2 of the Dungeon.
You were completely stuffed.
You were in bat-form.
You visited 1 branch of the dungeon, and saw 2 of its levels.

You collected 155 gold pieces.

Inventory:

Hand Weapons
 a - a +1 hand crossbow (melded)
 b - a +0 short sword
Missiles
 d - 24 bolts
Armour
 k - a +0 ring mail (melded)
Scrolls
 e - a scroll of magic mapping {unknown}
 g - a scroll of recharging {unknown}
 h - 2 scrolls of remove curse {unknown}
 i - a scroll of enchant weapon {unknown}
 j - a scroll of identify {unknown}
 o - a scroll of immolation {unknown}
 p - a scroll of random uselessness {unknown}
 q - a scroll of noise {unknown}
Potions
 c - a potion of invisibility {unknown}
 m - 2 potions of might {unknown}
 n - 2 potions of flight {unknown}
Comestibles
 f - 2 meat rations


   Skills:
 * Level 2.5 Fighting
 * Level 6.0 Crossbows
 - Level 2.4 Dodging
 * Level 1.9 Stealth


You had 2 spell levels left.
You didn't know any spells.

Dungeon Overview and Level Annotations

Branches:
Dungeon (2/15)

Altars:

Annotations:
D:2 Crazy Yiuf


Innate Abilities, Weirdness & Mutations

You are small and have problems with some larger weapons.
You are carnivorous and can eat meat at any time.


Message History

Your +0 ring mail melds into your body.
You can't do that in your present form.
Unknown command.
You hit Crazy Yiuf but do no damage.
Crazy Yiuf is heavily wounded.
Crazy Yiuf hits you with a quarterstaff of chaos.
Crazy Yiuf draws strength from your wounds!
You hit Crazy Yiuf.
Crazy Yiuf is moderately wounded.
You hit Crazy Yiuf.
Crazy Yiuf is heavily wounded.
Crazy Yiuf hits you with a quarterstaff of chaos!
Ouch! That really hurt!
* * * LOW HITPOINT WARNING * * *
You feel yourself slow down.
Unknown command.
You hit Crazy Yiuf.
Crazy Yiuf is heavily wounded.
Crazy Yiuf hits you with a quarterstaff of chaos!
You die...

....# ##.###.#
#.# ....#
##...##.# #.#
....#
#...)#######.#
#...# ##..##
#....# #...#
#...)# ######
##### #...##
##.## #.##
##.# #.## ##b#
#g# ... #...#
#.()# #####


You could see Crazy Yiuf.

Vanquished Creatures
  An ooze (D:2)
  A worm (D:2)
  A dart slug (D:1)
  A leopard gecko (D:1)
  A ball python (D:2)
  4 bats
  A giant cockroach (D:2)
  6 goblins
  5 hobgoblins
  2 frilled lizards (D:2)
  3 kobolds (D:1)
  4 rats
30 creatures vanquished.

Notes
Turn   | Place    | Note
-------+----------+-------------------------------------------
     0 | D:1      | hilaritas the Kobold Hunter began the quest for the Orb.
     0 | D:1      | Reached XP level 1. HP: 12/12 MP: 1/1
   103 | D:1      | Reached skill level 5 in Crossbows
   135 | D:1      | Reached XP level 2. HP: 18/18 MP: 2/2
   771 | D:1      | Reached XP level 3. HP: 22/22 MP: 3/3
  1085 | D:2      | Found a faded altar of an unknown god.
  1139 | D:2      | Reached skill level 6 in Crossbows
  1236 | D:2      | Found a runed door.
  1459 | D:2      | Noticed Crazy Yiuf
  1466 | D:2      | Slain by Crazy Yiuf

Skill      XL: |  1  2  3 |
---------------+----------+-----
Crossbows      | 5 6 |  6.0
Fighting       | |  2.5
Dodging        | |  2.4
Stealth        | |  1.9

Action                   || total
-------------------------++-------
Melee: Short sword       ||    26
       Unarmed           ||     4
 Fire: Hand crossbow     ||    35
  Eat: Chunk             ||    10
Armor: Leather armour    ||     5
       Ring mail         ||     5
Dodge: Dodged            ||    24
